 Dungeon Crawl Stone Soup version 0.17-a0-2158-g6d76252 (webtiles) character file.

9611 Morbidden the Cleaver (level 11, -27/120 HPs)
             Began as a Formicid Fighter on Oct 25, 2015.
             Was an Elder of Makhleb.
             Killed from afar by a lich (71 damage)
             ... with a crystal spear
             ... on level 1 of the Abyss.
             The game lasted 00:37:42 (8592 turns).

Morbidden the Cleaver (Formicid Fighter)            Turns: 8592, Time: 00:37:42

Health: -27/120    AC: 25    Str: 25      XL:     11   Next: 77%
Magic:  10/10      EV:  2    Int:  5 (7)  God:    Makhleb [****..]
Gold:   54         SH: 12    Dex: 10      Spells: 0 memorised, 10 levels left

rFire  + . .     SeeInvis .     i - +0 broad axe (chop)
rCold  + . .     Clarity  .     (armour currently unavailable)
rNeg   + + +     SustAt   .     c - +0 shield
rPois  +         Gourm    .     (helmet unavailable)
rElec  .         Spirit   .     (cloak currently unavailable)
rCorr  .         Warding  .     (gloves currently unavailable)
rMut   .         Stasis   +     (boots currently unavailable)
MR     +....                    r - amulet "Lapyuqad" {rC+ Regen+}
Stlth  +.........               (no ring)
                                d - ring of protection from fire

@: tree-form, drained, somewhat resistant to hostile enchantments, very
unstealthy
A: permanent stasis, dig shafts and tunnels, four strong arms, (antennae 0),
(icy blue scales 0), (fire resistance 0), low mp 1
a: Minor Destruction, Lesser Servant of Makhleb, Major Destruction, Renounce
Religion


You were on level 1 of the Abyss.
You worshipped Makhleb.
Makhleb was greatly pleased with you.
You were not hungry.
You were a tree.
You visited 2 branches of the dungeon, and saw 9 of its levels.
You visited the Abyss 1 time.

You collected 494 gold pieces.
You spent 440 gold pieces at shops.

Inventory:

Hand Weapons
 i - a +0 broad axe of chopping (weapon)
Armour
 c - a +0 shield (worn)
 n - a +0 plate armour (melded)
 s - a +1 pair of gloves (melded)
Jewellery
 d - a ring of protection from fire (left branch)
 r - the amulet "Lapyuqad" (around neck) {rC+ Regen+}
   (You bought it in a shop on level 8 of the Dungeon)

   [amulet of regeneration]

   It protects you from cold.
   It increases your rate of regeneration.
Wands
 k - a wand of flame (34)
 l - a wand of lightning (8)
 v - a wand of digging (6)
Scrolls
 f - 5 scrolls of magic mapping
 p - a scroll of identify
 t - 2 scrolls of enchant armour
 u - 2 scrolls of immolation
Potions
 a - a potion of heal wounds
 b - a potion of cure mutation
 g - 2 potions of flight
 h - a potion of agility
 j - a potion of resistance
 m - 3 potions of curing
 o - a potion of invisibility
 G - 3 potions of brilliance
Comestibles
 e - 8 bread rations
 w - 3 fruits


   Skills:
 + Level 5.4(5.1) Fighting
 * Level 13.5(13.1) Axes
 + Level 4.7(4.3) Armour
 + Level 2.0(1.7) Dodging
 * Level 11.6(11.1) Shields
 * Level 0.8(0.5) Invocations


You had 10 spell levels left.
You didn't know any spells.

Dungeon Overview and Level Annotations

Branches:
Dungeon (8/15)             Temple (1/1) D:5            Lair (0/8) D:8

Altars:
Ashenzari
Cheibriados
Dithmenos
Elyvilon
Gozag
Kikubaaqudgha
Makhleb
Nemelex Xobeh
Okawaru
Qazlal
Ru
Sif Muna
Trog
Vehumet
Xom
Yredelemnul
Zin
The Shining One

Shops:
D:8 =

Annotations:
D:6 timez0r's ghost, novice MfBe
D:8 Erolcha


Innate Abilities, Weirdness & Mutations

You are under a permanent stasis effect.
You can dig through walls and to a lower floor.
Your four strong arms can wield two-handed weapons with a shield.
((You have a pair of large antennae on your head (SInv).))
((You are partially covered in icy blue scales (AC +1).))
((Your flesh is heat resistant.))
Your magical capacity is low (-10% MP).


Message History

The neqoxec gestures at you.
The crimson imp blinks!
Unknown command.
You miss something. Something touches you. The neqoxec gestures at you.
Unknown command.
You slash something!
You hear some strange, mumbled words.
The neqoxec gestures at you.
The crimson imp laughs crazily.
Unknown command.
You hit something but do no damage.
You hit the large abomination but do no damage.
The neqoxec gestures at you.
Something tries to feed on your intellect!
You hear some strange, mumbled words.
A crystal spear appears from out of thin air!
Helpless, you fail to dodge the crystal spear.
Ouch! That really hurt!
You die...

... § # #
..# . #. #
# . #.. . .
.... . #
.##### #.
## ###. ..#
# . ##..##
#X# . ##
#♣# #
###{####
#5333h.#
..Xhh5..
#.##.5(...#
# #.....#
#.#.5.# ..
.#.# #. # .


You could see a sun demon, 2 large abominations, 2 neqoxecs, 2 hell hounds, a
crimson imp, a shadow imp and an ufetubus.

Vanquished Creatures
  Gastronok (D:8)
  Erica (D:8)
  2 thrashing horrors (Abyss:1)
  Pikel (D:6)
  An elephant (D:8)
  Grinder (D:4)
  The ghost of Ohli the Covert, an amateur OpAs (D:4)
  A yak (D:8)
  A neqoxec (Abyss:1)
  A wyvern (D:8)
  A hippogriff (D:7)
  A hungry ghost (D:7)
  Grum (D:8)
  4 wolves (D:8)
  Duvessa (D:7)
  2 orc warriors
  A large abomination (Abyss:1)
  2 phantoms
  4 slaves
  2 sky beasts
  2 necrophages
  A crocodile (D:8)
  2 ogres (D:5)
  Blork the orc (D:4)
  Dowan (D:7)
  4 giant frogs
  A wyvern skeleton (D:6)
  2 scorpions
  8 killer bees
  3 wights (D:7)
  5 crimson imps
  A quasit (D:7)
  A giant frog zombie (D:5)
  3 hounds
  A gnoll shaman (D:8)
  10 orc wizards
  A giant frog skeleton (D:7)
  A centaur skeleton (D:4)
  2 jellies (D:6)
  9 orc priests
  Natasha (thrice) (D:4)
  2 iguanas
  A sheep (D:8)
  5 worker ants
  9 gnolls
  Robin (D:3)
  10 adders
  3 shadow imps
  An adder zombie (D:8)
  A worm (D:2)
  8 giant geckos
  32 orcs
  2 giant cockroaches
  13 goblins
  11 hobgoblins
  12 jackals
  2 quokkas
  A ball python skeleton (D:5)
  A bat (D:3)
  A giant gecko skeleton (D:5)
  5 giant newts
  6 kobolds
  10 rats
229 creatures vanquished.

Vanquished Creatures (others)
  A small abomination (Abyss:1)
1 creature vanquished.

Grand Total: 230 creatures vanquished

Notes
Turn   | Place    | Note
--------------------------------------------------------------
     0 | D:1      | Morbidden the Formicid Fighter began the quest for the Orb.
     0 | D:1      | Reached XP level 1. HP: 18/18 MP: 1/1
    82 | D:1      | Reached XP level 2. HP: 24/24 MP: 2/2
   376 | D:1      | Reached XP level 3. HP: 25/29 MP: 3/3
   855 | D:2      | Reached skill level 4 in Axes
   855 | D:2      | Reached XP level 4. HP: 35/35 MP: 4/4
   934 | D:2      | Found a basalt altar of Yredelemnul.
  1450 | D:3      | Reached XP level 5. HP: 25/41 MP: 5/5
  1482 | D:3      | Noticed Robin
  1494 | D:3      | Killed Robin
  1494 | D:3      | Reached skill level 5 in Axes
  2076 | D:2      | Found a burning altar of Makhleb.
  2112 | D:2      | Became a worshipper of Makhleb the Destroyer
  2159 | D:4      | Reached XP level 6. HP: 42/47 MP: 6/6
  2245 | D:4      | Noticed Grinder
  2263 | D:4      | Killed Grinder
  2263 | D:4      | Reached skill level 6 in Axes
  2263 | D:4      | Reached skill level 5 in Shields
  2263 | D:4      | Reached XP level 7. HP: 38/52 MP: 7/7
  2328 | D:4      | Noticed Blork the orc
  2356 | D:4      | Killed Blork the orc
  2702 | D:4      | Reached skill level 7 in Axes
  2858 | D:4      | Noticed Natasha
  2863 | D:4      | Killed Natasha
  2880 | D:4      | Reached * piety under Makhleb
  3274 | D:4      | Noticed a phantom
  3302 | D:4      | Killed a phantom
  3370 | D:4      | Noticed Natasha
  3379 | D:4      | Killed Natasha
  3379 | D:4      | Reached XP level 8. HP: 58/58 MP: 8/8
  3398 | D:4      | Noticed Ohli's ghost (amateur OpAs)
  3409 | D:4      | Noticed Natasha
  3409 | D:4      | Killed Ohli's ghost
  3409 | D:4      | Reached skill level 8 in Axes
  3412 | D:4      | Killed Natasha
  3441 | D:5      | Entered Level 5 of the Dungeon
  3914 | D:5      | Reached skill level 9 in Axes
  3959 | D:5      | Found a staircase to the Ecumenical Temple.
  4051 | Temple   | Entered the Ecumenical Temple
  4182 | D:5      | Reached XP level 9. HP: 64/64 MP: 9/9
  4253 | D:5      | Found a shimmering altar of Xom.
  4316 | D:5      | Reached ** piety under Makhleb
  4480 | D:6      | Reached skill level 10 in Axes
  4822 | D:6      | Noticed timez0r's ghost (novice MfBe)
  5301 | D:6      | Noticed Pikel
  6015 | D:6      | Killed Pikel
  6015 | D:6      | Reached skill level 11 in Axes
  6022 | D:6      | Reached XP level 10. HP: 52/70 MP: 10/10
  6156 | D:6      | Found a shadowy altar of Dithmenos.
  6291 | D:7      | Reached *** piety under Makhleb
  6718 | D:7      | Found a radiant altar of Vehumet.
  6790 | D:7      | Reached skill level 12 in Axes
  6900 | D:7      | Noticed Dowan
  6902 | D:7      | Noticed Duvessa
  6920 | D:7      | Killed Duvessa
  6932 | D:7      | Killed Dowan
  7140 | D:8      | Reached **** piety under Makhleb
  7179 | D:8      | Noticed an elephant
  7180 | D:8      | Found a staircase to the Lair.
  7182 | D:8      | Noticed Grum
  7186 | D:8      | Reached skill level 10 in Shields
  7221 | D:8      | Killed an elephant
  7222 | D:8      | Reached skill level 1 in Dodging
  7255 | D:8      | Killed Grum
  7255 | D:8      | Reached XP level 11. HP: 23/77 MP: 11/11
  7559 | D:8      | Noticed Erica
  7584 | D:8      | Killed Erica
  7744 | D:8      | Noticed Gastronok
  7763 | D:8      | Killed Gastronok
  7763 | D:8      | Reached skill level 5 in Fighting
  7763 | D:8      | Reached skill level 13 in Axes
  8016 | D:8      | Found a white marble altar of Elyvilon.
  8063 | D:8      | Found Gunauwex's Jewellery Boutique.
  8065 | D:8      | Bought the amulet "Lapyuqad" {rC+ Regen+} for 440 gold pieces
  8219 | D:8      | Noticed Erolcha
  8232 | D:8      | Cast into the Abyss (Erolcha)
  8243 | Abyss:1  | Noticed a thrashing horror
  8257 | Abyss:1  | Killed a thrashing horror
  8258 | Abyss:1  | Gained mutation: Your magical capacity is low (-10% MP). [potion of mutation]
  8258 | Abyss:1  | Gained mutation: You are partially covered in icy blue scales (AC +1). [potion of mutation]
  8258 | Abyss:1  | Gained mutation: Your flesh is heat resistant. [potion of mutation]
  8449 | Abyss:1  | Noticed a tentacled starspawn
  8552 | Abyss:1  | Noticed a thrashing horror
  8558 | Abyss:1  | Noticed a lich
  8564 | Abyss:1  | Killed a thrashing horror
  8574 | Abyss:1  | Noticed a sun demon
  8592 | Abyss:1  | Noticed a large abomination
  8592 | Abyss:1  | Killed from afar by a lich

Vault maps used:
D:1:      dpeg_arrival_houses_and_road
D:2:      nicolae_overflow_hidden_temple, yredelemnul_altar_generic
D:3:      minmay_distorted, uniq_robin
D:4:      uniq_natasha, uniq_grinder, uniq_blork_the_orc
D:5:      kennysheep_mini_moat, minmay_temple_entry_overgrown, first_bread
D:6:      grunt_dithmenos_shadows, uniq_pikel
D:7:      vehumet_crystals, uniq_duvessa
D:8:      nicolae_overflow_crystal_walls, kennysheep_little_box,
          david_lair_generic, serial_shops, shop, uniq_gastronok, uniq_erica,
          uniq_erolcha, uniq_grum
Temple:   temple_eino_lava_12

Action                   |  1- 3 |  4- 6 |  7- 9 | 10-12 || total
-------------------------+-------+-------+-------+-------++-------
Melee: War axe           |    78 |   135 |   414 |    88 ||   715
       Unarmed           |       |       |     1 |       ||     1
       Broad axe         |       |       |       |   295 ||   295
Invok: Minor Destruction |       |       |     2 |       ||     2
  Use: Scroll            |       |     5 |     5 |    11 ||    21
       Potion            |       |     1 |     7 |    10 ||    18
  Eat: Chunk             |       |     4 |     5 |    11 ||    20
       Fruit             |       |       |     2 |     1 ||     3
       Meat ration       |       |       |     1 |     1 ||     2
